 Dungeon Crawl Stone Soup version 0.25.1-2-g60ff931df9 (webtiles) character file.

Game seed: 112445007879505703

10120 lepoulpe303 the Protected (level 11, -8/87 HPs)
             Began as a Hill Orc Monk on Oct 11, 2020.
             Was a High Priest of Hepliaklqana.
             Mangled by an orc knight
             ... wielding a +0 war axe
              (27 damage)
             ... on level 2 of the Orcish Mines.
             The game lasted 00:44:40 (14704 turns).

lepoulpe303 the Protected (Hill Orc Monk)          Turns: 14704, Time: 00:44:40

Health: -8/87      AC: 19    Str: 18    XL:     11   Next: 57%
Magic:  0/18       EV:  9    Int: 10    God:    Hepliaklqana [*****.]
Gold:   805        SH:  0    Dex: 13    Spells: 10/10 levels left

rFire    x . .     SeeInvis .   a - +3 battleaxe (curse)
rCold    + . .     Gourm    .   (shield currently unavailable)
rNeg     . . .     Faith    .   h - +0 plate armour
rPois    .         Spirit   +   E - +0 helmet
rElec    .         Reflect  .   b - +0 cloak
rCorr    .         Harm     .   Q - +0 pair of gloves
MR       .....                  (no boots)
Stlth    ..........             G - amulet of guardian spirit {Spirit}
HPRegen  0.24/turn              j - ring of ice {rC+, rF-}
MPRegen  0.16/turn              (no ring)

@: no status effects
A: reduced essence
a: Recall Ancestor, Ancestor Identity, Transference, Idealise, Renounce Religion


You were on level 2 of the Orcish Mines.
You worshipped Hepliaklqana.
Hepliaklqana was extremely pleased with you.
You were not hungry.

You visited 2 branches of the dungeon, and saw 12 of its levels.
You also visited: Sewer.

You collected 961 gold pieces.
You spent 156 gold pieces at shops.

Inventory:

Hand Weapons
 a - a cursed +3 battleaxe (weapon)
 n - a +0 hand axe
 I - a +2 hand axe of draining
 S - a +2 flail
Missiles
 c - 66 poisoned darts
 o - 3 throwing nets {=f}
 M - 8 boomerangs (quivered)
Armour
 b - a +0 cloak (worn)
 h - a +0 plate armour (worn)
 x - a +0 scale mail
 D - the +0 leather armour of Gluttony {rPois MR+}
   (You found it on level 5 of the Dungeon)

   It protects you from poison.
   It affects your resistance to hostile enchantments.
 E - a +0 helmet (worn)
 J - a +2 ring mail of cold resistance {rC+}
 Q - a +0 pair of gloves (worn)
Jewellery
 j - a ring of ice (left hand) {rC+, rF-}
 G - an amulet of guardian spirit (around neck) {Spirit}
Wands
 K - a wand of iceblast (8)
 L - a wand of flame (10)
 N - a wand of clouds (5)
 T - a wand of paralysis (4)
Scrolls
 f - 2 scrolls of fog
 g - a scroll of fear
 i - 2 scrolls of identify
 k - 5 scrolls of magic mapping {!r}
 m - a scroll of enchant weapon {unknown}
 p - 3 scrolls of noise {!r}
 t - 9 scrolls of teleportation
 u - a scroll of random uselessness
 w - a scroll of remove curse
 y - a scroll of immolation {unknown}
 O - a scroll of acquirement {unknown}
 P - a scroll of holy word {unknown}
Potions
 d - 2 potions of might
 l - 3 potions of heal wounds
 q - 2 potions of curing
 r - 2 potions of cancellation {unknown}
 s - 2 potions of invisibility {unknown}
 v - 2 potions of flight
 z - 3 potions of stabbing
 A - a potion of magic {unknown}
 C - 2 potions of ambrosia {unknown}
 F - a potion of mutation {unknown}
 H - a potion of brilliance {unknown}
Miscellaneous
 R - a phial of floods
Comestibles
 e - 16 rations


   Skills:
 + Level 9.4 Fighting
 + Level 10.2 Axes
 * Level 11.0 Armour
 + Level 6.6 Dodging
 - Level 1.5 Stealth
 * Level 10.1 Invocations


You had 10 spell levels left.
You didn't know any spells.
Your spell library contained the following spells:

 Spells                   Type           Power        Failure   Level  Hunger
 Magic Dart               Conj           #...         100%        1    ##.....
 Summon Small Mammal      Summ           #...         100%        1    ##.....
 Call Imp                 Summ           #.......     100%        2    ###....
 Searing Ray              Conj           #.....       100%        2    ###....
 Call Canine Familiar     Summ           #.......     100%        3    ####...
 Confusing Touch          Hex            #.......     100%        3    ####...
 Dazzling Flash           Conj/Hex       #.....       100%        3    ####...
 Gell's Gravitas          Tloc           #.........   100%        3    ####...
 Summon Guardian Golem    Hex/Summ       #.......     100%        3    ####...
 Fulminant Prism          Conj/Hex       #.........   100%        4    #####..
 Iskenderun's Mystic Bla  Conj/Tloc      #.......     100%        4    #####..
 Petrify                  Tmut/Erth      #.......     100%        4    #####..
 Summon Ice Beast         Ice/Summ       #.......     100%        4    #####..
 Summon Lightning Spire   Summ/Air       #.......     100%        4    #####..
 Metabolic Englaciation   Hex/Ice        #.........   100%        5    ######.
 Yara's Violent Unravell  Hex/Tmut       #.........   100%        5    ######.


Dungeon Overview and Level Annotations

Branches:
Dungeon (10/15)            Temple (0/1) D:5             Orc (2/2) D:10
    Elf (0/3) Orc:2         Sewer (visited)
   Lair: D:8-11

Altars:
Elyvilon
Fedhas
Hepliaklqana
Kikubaaqudgha
Makhleb
Nemelex Xobeh
Qazlal
Ru
Trog
Uskayaw
Vehumet
Wu Jian
Yredelemnul
Zin
The Shining One

Shops:
D:4 *   D:8 ?   Orc:1 !


Message History

You hit the orc knight but do no damage.
The orc knight hits you with a +0 great sword.
The orc knight hits you but does no damage.
The orc knight hits Nicolas with a +0 war axe!
Nicolas completely misses the orc knight.
You take 2 damage, and have 61/87 hp.
You hit the orc knight but do no damage.
You slash the orc knight!
The orc knight hits you with a +0 war axe!!
* * * LOW HITPOINT WARNING * * *
The orc knight hits Nicolas with a +0 war axe!
Nicolas is destroyed!
The orc knight hits you with a +0 great sword!!
* * * LOW MAGIC WARNING * * *;
* * * LOW HITPOINT WARNING * * *
You take 43 damage, and have 18/87 hp.
MASSIVE DAMAGE!!
You now have 4/18 mp.
The orc knight hits you with a +0 war axe!!
* * * LOW MAGIC WARNING * * *
You die...

#.......
###.....######
#..#.......#.##
...#..>.......#
......#.......#
.....#.......##
.......[.....#
........)[o..##
.........@....#
.........o....#
.............##
.............##
..............#
.............##
..............#
..#.##.##....##
###.........#


You could see 2 orc knights.

Levels and vault maps discovered:
D:1:      dpeg_arrival_tiny_a, layout_basic
D:2:      layout_loops_ring, grunt_temple_overflow_order_and_chaos_2,
          grunt_temple_overflow_open, lemuel_doored_altar, first_ration,
          minmay_divided_ellipse
D:3:      layout_loops_ring
D:4:      layout_basic, kennysheep_mini_moat, nicolae_overflow_crystal_walls,
          serial_shops, nicolae_shop_stone, lightli_sewer_entry_pipes,
          minmay_close_crescents
D:5:      layout_loops_cross, minmay_temple_entry_slanted
D:6:      layout_gridville, elyvilon_altar_3, uniq_crazy_yiuf_cottage
D:7:      layout_cave_pools, grunt_temple_overflow_forces_of_nature,
          lemuel_coloured_pillars_altar, uniq_menkaure
D:8:      layout_loops_cross, nicolae_overflow_hidden_temple, serial_shops,
          nicolae_shop_stone, basic_altar
D:9:      layout_grid_maze, nicolae_tso_besieged_by_evil, blue_anna_alchemist
          [blue_anna_fruit_fields, blue_anna_fruit_fields],
          serial_bayou_lagoon_a
D:10:     layout_basic, orc_david_3, basic_altar, uniq_josephine
Orc:1:    layout_caves, basic_altar, serial_shops, shop, bloody_makhleb
Orc:2:    st_orc_ogre_mass, layout_caves, nicolae_orc_bridge_out,
          kennysheep_orc_chapel, uniq_jorgrun, uniq_maurice

Notes
Turn   | Place    | Note
-------+----------+-------------------------------------------
     0 | D:1      | lepoulpe303 the Hill Orc Monk began the quest for the Orb.
     0 | D:1      | Reached XP level 1. HP: 19/19 MP: 1/1
     3 | D:1      | Identified a +0 club
    25 | D:1      | Identified a cursed -2 helmet (You found it on level 1 of
                  | the Dungeon)
    64 | D:1      | Identified a +0 dagger
   110 | D:1      | Identified a +0 club
   143 | D:1      | HP: 5/20 [hobgoblin/+0 club (3)]
   147 | D:1      | Reached skill level 1 in Armour
   147 | D:1      | Reached XP level 2. HP: 7/27 MP: 2/2
   470 | D:1      | Identified a +0 dagger
   715 | D:1      | Identified a +0 club
   761 | D:1      | Identified a +0 dagger
   816 | D:1      | Reached XP level 3. HP: 19/33 MP: 3/3
  1115 | D:1      | Identified a +0 short sword
  1120 | D:1      | Reached skill level 4 in Fighting
  1132 | D:1      | Identified a +0 club
  1158 | D:1      | Identified a +0 leather armour (You found it on level 1 of
                  | the Dungeon)
  1188 | D:1      | Identified a +0 club
  1411 | D:1      | Identified a +0 club
  1477 | D:1      | Identified 2 scrolls of teleportation
  1482 | D:1      | Identified a scroll of enchant armour
  1483 | D:1      | Identified a scroll of blinking
  1484 | D:1      | Identified a scroll of amnesia
  1504 | D:2      | Identified a +0 whip
  1508 | D:2      | Reached skill level 2 in Armour
  1534 | D:2      | Identified a +0 club
  1665 | D:2      | Found an ornate altar of the Wu Jian Council.
  1735 | D:2      | Identified a +0 club
  1741 | D:2      | Reached XP level 4. HP: 33/40 MP: 4/4
  1746 | D:2      | Identified a +2 hand axe of draining (You found it on level
                  | 2 of the Dungeon)
  1802 | D:2      | Identified a +0 club
  1883 | D:2      | HP: 10/40 [poisoned by an adder]
  1891 | D:2      | HP: 9/40 [poisoned by an adder]
  2149 | D:2      | Identified a +1 dagger of draining
  2213 | D:2      | Identified a +0 club
  2420 | D:2      | Identified a +0 halberd
  2420 | D:2      | Identified a +0 halberd
  2421 | D:2      | Found a hide-covered altar of Uskayaw.
  2421 | D:2      | Identified a +0 spear
  2421 | D:2      | Identified a +0 whip
  2422 | D:2      | Identified a +0 club
  2423 | D:2      | Found a hazy altar of Hepliaklqana.
  2437 | D:2      | HP: 10/41 [gnoll/+0 whip (5)]
  2440 | D:2      | Reached skill level 3 in Armour
  2440 | D:2      | Reached skill level 3 in Dodging
  2440 | D:2      | Reached XP level 5. HP: 12/47 MP: 5/5
  2736 | D:2      | Found a burning altar of Makhleb.
  2789 | D:2      | Found a glowing silver altar of Zin.
  2789 | D:2      | Noticed a cacodemon
  2789 | D:2      | Identified a +3 sacred scourge of holy wrath
  2789 | D:2      | Identified a +0 robe
  2789 | D:2      | Noticed an angel
  2917 | D:2      | Found an ancient bone altar of Kikubaaqudgha.
  2924 | D:2      | Became a worshipper of Hepliaklqana the Forgotten
  2924 | D:2      | Reached * piety under Hepliaklqana
  2924 | D:2      | Reached ** piety under Hepliaklqana
  3259 | D:2      | Remembered your ancestor Nicolas as a hexer
  3259 | D:2      | Identified a +0 dagger of draining
  3466 | D:3      | Identified a +0 whip
  3471 | D:3      | Reached skill level 5 in Axes
  3587 | D:3      | Identified 4 scrolls of identify
  3587 | D:3      | Identified an amulet of guardian spirit (You found it on
                  | level 3 of the Dungeon)
  3686 | D:3      | Identified a +0 club
  3756 | D:3      | Identified a +0 club
  3839 | D:3      | Identified a +0 dagger
  3839 | D:3      | Identified a +0 leather armour
  3839 | D:3      | Identified a +0 hand axe
  3839 | D:3      | Identified a +0 scale mail
  3839 | D:3      | Identified a +0 flail
  3839 | D:3      | Identified a +0 leather armour
  3840 | D:3      | Identified a +0 dagger
  3840 | D:3      | Identified a +0 robe
  4104 | D:3      | Reached XP level 6. HP: 45/47 MP: 4/6
  4124 | D:3      | Identified a cursed -3 dagger
  4361 | D:4      | Identified a +0 trident
  4369 | D:4      | Identified a +0 giant club
  4374 | D:4      | Reached skill level 4 in Armour
  4407 | D:4      | Reached skill level 5 in Fighting
  4436 | D:4      | HP: 9/50 [river rat (6)]
  4453 | D:4      | HP: 10/50 [river rat (3)]
  4496 | D:4      | HP: 12/50 [rat (1)]
  4499 | D:4      | Identified a +0 dagger of draining
  4507 | D:4      | Found a glowing drain.
  4511 | Sewer    | Entered a sewer
  5040 | D:4      | Reached XP level 7. HP: 47/54 MP: 7/7
  5128 | D:4      | Reached *** piety under Hepliaklqana
  5418 | D:4      | Found a basalt altar of Yredelemnul.
  5424 | D:4      | Identified a cursed -2 giant club
  5431 | D:4      | Reached skill level 5 in Armour
  5486 | D:4      | Identified a +0 flail
  5486 | D:4      | Identified a +0 spear of venom
  5493 | D:4      | Identified a +0 club
  5511 | D:4      | Reached skill level 6 in Axes
  5532 | D:4      | HP: 13/54 [poisoned by a gnoll]
  5538 | D:4      | HP: 10/54 [poisoned by a gnoll]
  5544 | D:4      | HP: 8/54 [poisoned by a gnoll]
  5552 | D:4      | HP: 8/54 [poisoned by a gnoll]
  5560 | D:4      | HP: 7/54 [poisoned by a gnoll]
  5919 | D:4      | Identified a +0 mace
  6148 | D:4      | Found Erehasia's General Store.
  6157 | D:4      | Bought a scroll of teleportation for 36 gold pieces
  6157 | D:4      | Bought a scroll of magic mapping for 42 gold pieces
  6157 | D:4      | Identified 2 potions of flight
  6158 | D:4      | Identified 2 potions of heal wounds
  6159 | D:4      | Identified 2 potions of curing
  6183 | D:4      | Identified a +0 scale mail
  6187 | D:4      | Identified a +0 dagger
  6187 | D:4      | Identified a +0 robe
  6189 | D:4      | Identified a +0 falchion
  6189 | D:4      | Identified a +0 ring mail
  6193 | D:4      | Identified a +0 whip
  6193 | D:4      | Identified a +0 ring mail
  6225 | D:4      | Identified a +0 plate armour (You found it on level 4 of
                  | the Dungeon)
  6342 | D:4      | Found a sparkling altar of Nemelex Xobeh.
  6483 | D:5      | Entered Level 5 of the Dungeon
  6644 | D:5      | Identified a +0 giant spiked club
  6649 | D:5      | Reached skill level 4 in Dodging
  6809 | D:5      | Reached XP level 8. HP: 61/63 MP: 6/8
  6843 | D:5      | Got an ichor-stained leather armour
  6872 | D:5      | Reached skill level 6 in Fighting
  6872 | D:5      | Reached skill level 6 in Armour
  6873 | D:5      | Identified 3 scrolls of fog
  6966 | D:5      | Identified a +0 dire flail
  6966 | D:5      | Identified a +0 robe
  6967 | D:5      | Identified a cursed +0 long sword
  6967 | D:5      | Identified a +0 robe
  7067 | D:5      | Identified a +0 flail
  7067 | D:5      | Identified a +0 robe
  7155 | D:5      | Reached skill level 7 in Axes
  7270 | D:5      | Identified a +0 giant spiked club
  7279 | D:5      | Reached skill level 7 in Armour
  7432 | D:5      | Found a staircase to the Ecumenical Temple.
  7746 | D:5      | Identified 2 scrolls of fear
  7747 | D:5      | Identified 2 scrolls of noise
  7748 | D:5      | Identified 2 scrolls of random uselessness
  7749 | D:5      | Identified 2 scrolls of remove curse
  7761 | D:5      | Identified a +0 helmet (You found it on level 5 of the
                  | Dungeon)
  7771 | D:5      | Identified the cursed +0 leather armour of Gluttony {rPois
                  | MR+} (You found it on level 5 of the Dungeon)
  7771 | D:5      | Identified a ring of ice (You found it on level 1 of the
                  | Dungeon)
  7847 | D:6      | Reached skill level 1 in Invocations
  7911 | D:6      | Identified a +0 scale mail
  7945 | D:6      | Reached **** piety under Hepliaklqana
  8136 | D:6      | Found a runed translucent door.
  8137 | D:6      | Identified a +2 quarterstaff of chaos
  8137 | D:6      | Identified a +0 cloak
  8137 | D:6      | Noticed Crazy Yiuf
  8191 | D:6      | Found a white marble altar of Elyvilon.
  8201 | D:6      | Reached skill level 2 in Invocations
  8208 | D:6      | Identified a +0 giant club
  8214 | D:6      | Reached XP level 9. HP: 41/70 MP: 6/10
  8534 | D:6      | Identified a cursed -1 falchion
  8534 | D:6      | Identified a +0 hand axe
  8534 | D:6      | Identified a +0 leather armour
  8604 | D:6      | Reached skill level 7 in Fighting
  8604 | D:6      | Reached skill level 3 in Invocations
  8807 | D:6      | Killed Crazy Yiuf
  8977 | D:7      | Noticed Menkaure
  8997 | D:7      | Killed Menkaure
  9031 | D:7      | Reached skill level 5 in Dodging
  9055 | D:7      | Identified a +0 dagger
  9055 | D:7      | Identified a +0 scale mail
  9055 | D:7      | Identified a +0 short sword
  9055 | D:7      | Identified a +0 leather armour
  9062 | D:7      | Identified a +0 dagger
  9062 | D:7      | Identified a +0 ring mail
  9065 | D:7      | Identified a +0 short sword
  9076 | D:7      | Reached skill level 8 in Armour
  9076 | D:7      | Reached skill level 4 in Invocations
  9187 | D:7      | Found a blossoming altar of Fedhas.
  9189 | D:7      | Found a stormy altar of Qazlal.
  9249 | D:7      | Found a bloodstained altar of Trog.
  9302 | D:7      | Identified a +0 giant club
  9302 | D:7      | Identified a cursed -3 dire flail
  9302 | D:7      | Noticed a two-headed ogre
  9313 | D:7      | Killed a two-headed ogre
  9313 | D:7      | Reached skill level 8 in Axes
  9313 | D:7      | Reached skill level 5 in Invocations
  9448 | D:7      | Identified a +0 short sword
  9448 | D:7      | Identified a +0 plate armour
  9448 | D:7      | Identified a +0 dagger
  9448 | D:7      | Identified a +0 robe
  9670 | D:7      | Identified 2 potions of stabbing
  9691 | D:8      | Found a sacrificial altar of Ru.
  9824 | D:8      | Found Laudor's Magic Scroll Emporium.
  9839 | D:8      | Bought a scroll of teleportation for 39 gold pieces
  9839 | D:8      | Bought a scroll of teleportation for 39 gold pieces
  9872 | D:8      | Reached skill level 6 in Invocations
  9872 | D:8      | Reached XP level 10. HP: 76/79 MP: 12/14
  9890 | D:8      | Identified a +0 shortbow
 10032 | D:8      | Identified a +0 short sword
 10032 | D:8      | Identified a +0 leather armour
 10038 | D:8      | Identified a +0 dagger
 10038 | D:8      | Identified a +0 robe
 10038 | D:8      | Identified a +0 dagger
 10039 | D:8      | Identified a +0 shortbow
 10048 | D:8      | Reached skill level 9 in Armour
 10176 | D:8      | Reached ***** piety under Hepliaklqana
 10275 | D:8      | Reached skill level 8 in Fighting
 10476 | D:8      | Identified a +0 whip
 10477 | D:8      | Identified a cursed -3 morningstar
 10477 | D:8      | Identified a +0 ring mail
 10481 | D:8      | Identified a +0 morningstar
 10483 | D:8      | Identified a +0 mace
 10510 | D:8      | Found a stormy altar of Qazlal.
 10567 | D:8      | Identified 2 potions of might
 10630 | D:9      | Identified a +2 ring mail of cold resistance (You found it
                  | on level 9 of the Dungeon)
 10640 | D:9      | Identified a +0 trident
 10640 | D:9      | Identified a +0 hand axe
 10640 | D:9      | Identified a +2 dagger of speed
 10640 | D:9      | Identified a +0 robe
 10645 | D:9      | Identified a +0 dagger
 10645 | D:9      | Identified a +0 robe
 10725 | D:9      | Found a glowing golden altar of the Shining One.
 10777 | D:9      | Identified a cursed +3 battleaxe
 10777 | D:9      | Identified a +0 robe
 10780 | D:9      | Identified a +3 spear
 10780 | D:9      | Identified a +0 robe
 10780 | D:9      | Identified a +0 flail
 10780 | D:9      | Identified a +0 robe
 10781 | D:9      | Identified a +0 war axe of draining
 10781 | D:9      | Identified a +0 robe
 10839 | D:8      | Identified a +0 dagger of draining
 11082 | D:8      | Reached skill level 7 in Invocations
 11182 | D:9      | Reached skill level 9 in Axes
 11320 | D:9      | Identified a +0 dagger of draining
 11394 | D:9      | Identified a cursed +0 leather armour
 11394 | D:9      | Identified a +0 club
 11395 | D:9      | Identified a +0 hand axe
 11395 | D:9      | Identified a +1 trident of protection
 11395 | D:9      | Identified a +0 short sword
 11474 | D:9      | Identified a +0 short sword
 11474 | D:9      | Identified a +0 club
 11599 | D:9      | Identified a +0 shortbow
 11800 | D:9      | Identified a +0 short sword
 12079 | D:9      | Identified a +0 dagger
 12079 | D:9      | Identified a +0 chain mail
 12079 | D:9      | Identified a +0 short sword
 12080 | D:9      | Identified a +0 short sword
 12080 | D:9      | Identified a +0 leather armour
 12080 | D:9      | Identified a +0 dagger
 12080 | D:9      | Identified a +0 robe
 12080 | D:9      | Identified a cursed +0 whip
 12176 | D:10     | Entered Level 10 of the Dungeon
 12184 | D:10     | Identified a +0 club
 12189 | D:10     | Reached skill level 8 in Invocations
 12189 | D:10     | Identified a +0 whip
 12198 | D:10     | Reached skill level 6 in Dodging
 12260 | D:10     | Identified a +0 giant club
 12371 | D:10     | Identified a +0 pair of gloves (You found it on level 10 of
                  | the Dungeon)
 12381 | D:10     | Identified a +0 trident
 12387 | D:10     | Found a radiant altar of Vehumet.
 12405 | D:10     | Identified a +0 flail
 12405 | D:10     | Identified a +0 glaive
 12405 | D:10     | Identified a +0 plate armour
 12406 | D:10     | Identified a +0 spear
 12406 | D:10     | Identified a +0 scale mail
 12407 | D:10     | Identified a +0 club
 12414 | D:10     | Identified a +0 spear
 12414 | D:10     | Identified an uncursed ring of poison resistance
 12417 | D:10     | Reached skill level 10 in Armour
 12430 | D:10     | Identified a +0 battleaxe
 12430 | D:10     | Identified a +0 plate armour
 12643 | D:10     | Found a staircase to the Orcish Mines.
 12683 | D:10     | Identified a cursed -2 dagger
 12683 | D:10     | Identified a +0 robe
 12683 | D:10     | Noticed Josephine
 12706 | D:10     | Killed Josephine
 12706 | D:10     | Reached XP level 11. HP: 76/85 MP: 15/17
 12716 | D:10     | Reached skill level 9 in Invocations
 12726 | D:10     | Reached skill level 9 in Fighting
 12949 | D:10     | Identified a +2 flail
 12949 | D:10     | Identified a +0 robe
 12950 | D:10     | Identified a +3 falchion
 12950 | D:10     | Identified a +0 robe
 12950 | D:10     | Identified a cursed +2 mace
 12950 | D:10     | Identified a +0 robe
 13032 | D:10     | Identified a +0 mace
 13032 | D:10     | Identified a +0 shortbow
 13032 | D:10     | Identified a +0 leather armour
 13561 | Orc:1    | Entered Level 1 of the Orcish Mines
 13561 | Orc:1    | Identified a +0 flail
 13561 | Orc:1    | Identified a +0 plate armour
 13561 | Orc:1    | Identified a +0 dagger of electrocution
 13570 | Orc:1    | Reached skill level 10 in Axes
 13643 | Orc:1    | Identified a +0 halberd
 13643 | Orc:1    | Identified a +0 chain mail
 13643 | Orc:1    | Identified a +0 falchion
 13643 | Orc:1    | Identified a +0 ring mail
 13644 | Orc:1    | Identified a +0 dagger
 13644 | Orc:1    | Identified a +0 ring mail
 13645 | Orc:1    | Identified a +0 long sword
 13645 | Orc:1    | Identified a cursed +0 chain mail
 13646 | Orc:1    | Identified a +0 whip
 13789 | Orc:2    | Entered Level 2 of the Orcish Mines
 13789 | Orc:2    | Found a staircase to the Elven Halls.
 13789 | Orc:2    | Identified a +0 short sword
 13789 | Orc:2    | Identified a +0 plate armour
 13789 | Orc:2    | Identified a +0 leather armour
 13789 | Orc:2    | Identified a +0 flail
 13789 | Orc:2    | Identified a +0 leather armour
 13789 | Orc:2    | Identified a +0 short sword
 13790 | Orc:2    | Identified a +0 dagger
 13790 | Orc:2    | Identified a +0 cloak
 13790 | Orc:2    | Noticed Maurice
 13792 | Orc:2    | Paralysed by Maurice for 4 turns
 13803 | Orc:1    | HP: 18/87 [troll (7)]
 13808 | Orc:1    | HP: 4/87 [troll (8)]
 14161 | Orc:2    | Paralysed by something for 4 turns
 14168 | Orc:2    | Paralysed by something for 6 turns
 14173 | Orc:2    | Identified a +0 giant spiked club
 14177 | Orc:2    | Killed Maurice
 14181 | Orc:2    | Reached skill level 10 in Invocations
 14182 | Orc:2    | Reached skill level 11 in Armour
 14265 | Orc:1    | Found Tueluqoa's Distillery.
 14265 | Orc:1    | Identified a +0 great sword
 14265 | Orc:1    | Identified a +0 plate armour
 14265 | Orc:1    | Noticed an orc knight
 14265 | Orc:1    | Identified a +2 short sword of venom
 14265 | Orc:1    | Identified a +0 trident
 14265 | Orc:1    | Identified a +0 chain mail
 14265 | Orc:1    | Identified a +0 giant club
 14265 | Orc:1    | Identified a +0 trident
 14265 | Orc:1    | Noticed an orc high priest
 14265 | Orc:1    | Identified a +0 dagger
 14265 | Orc:1    | Identified a +0 mace
 14265 | Orc:1    | Identified a +0 chain mail
 14265 | Orc:1    | Identified a +0 dagger
 14265 | Orc:1    | Identified a +2 robe of fire resistance
 14265 | Orc:1    | Noticed an orc sorcerer
 14265 | Orc:1    | Identified a +0 club
 14265 | Orc:1    | Identified a +0 dagger
 14265 | Orc:1    | Identified a +2 robe of resistance
 14265 | Orc:1    | Noticed an orc sorcerer
 14265 | Orc:1    | Identified a +0 short sword
 14265 | Orc:1    | Identified a cursed +0 ring mail
 14265 | Orc:1    | Identified a +0 war axe
 14265 | Orc:1    | Identified a +0 plate armour
 14265 | Orc:1    | Noticed an orc knight
 14265 | Orc:1    | Identified a +0 flail
 14265 | Orc:1    | Identified a +0 club
 14265 | Orc:1    | Identified a +0 leather armour
 14265 | Orc:1    | Identified a +0 hand axe
 14266 | Orc:1    | Noticed a soul eater
 14266 | Orc:1    | Identified a +0 club
 14266 | Orc:1    | Identified a +0 dire flail
 14266 | Orc:1    | Identified a +0 plate armour
 14267 | Orc:1    | Noticed a sixfirhy
 14267 | Orc:1    | Identified a +0 club
 14367 | Orc:1    | Identified a +0 giant club
 14379 | Orc:2    | HP: 21/87 [orc knight/+0 great sword (18)]
 14406 | Orc:1    | Identified a +0 dagger of draining
 14703 | Orc:2    | HP: 18/87 [orc knight/+0 great sword (21)]
 14704 | Orc:2    | Mangled by an orc knight

Table legend:
 A = Turns spent in this place as a percentage of turns spent in the entire game.
 B = Non-inter-level travel turns spent in this place as a percentage of non-inter-level travel turns spent in the entire game.
 C = Inter-level travel turns spent in this place as a percentage of turns spent in this place.
 D = Turns resting spent in this place as a percentage of non-inter-level travel turns spent in this place.
 E = Turns spent auto-exploring this place as a percentage of non-inter-level travel turns spent in this place.
 F = Non-inter-level travel turns spent in this place divided by the number of levels of this place that you've seen.
                   A       B       C       D       E      F
               +-------+-------+-------+-------+-------+----------------------
         Total | 100.0 | 100.0 |   3.2 |  23.4 |  58.8 | 1095.1
       Dungeon |  88.9 |  88.6 |   3.6 |  18.6 |  63.2 | 1260.9
  Orcish Mines |   7.8 |   8.0 |   0.0 |  68.4 |  18.6 | 571.5
         Sewer |   3.3 |   3.4 |   0.0 |  44.0 |  38.8 | 484.0
               +-------+-------+-------+-------+-------+----------------------

Table legend:
 A = Kills in this place as a percentage of kills in entire the game.
 B = Kills by you in this place as a percentage of kills by you in the entire game.
 C = Kills by friends in this place as a percentage of kills by friends in the entire game.
 D = Other kills in this place as a percentage of other kills in the entire game.
 E = Experience gained in this place as a percentage of experience gained in the entire game.
 F = Experience gained in this place divided by the number of levels of this place that you have seen.
                   A       B       C       D       E      F
               +-------+-------+-------+-------+-------+----------------------
         Total | 100.0 | 100.0 | 100.0 | 100.0 | 100.0 | 1112.2
       Dungeon |  88.8 |  89.4 |  85.9 | 100.0 |  84.3 | 1218.2
  Orcish Mines |   7.5 |   7.8 |   6.2 |   0.0 |  15.5 | 1117.0
         Sewer |   3.7 |   2.8 |   7.8 |   0.0 |   0.3 |  42.0
               +-------+-------+-------+-------+-------+----------------------

Skill      XL: |  1  2  3  4  5  6  7  8  9 10 11 |
---------------+----------------------------------+-----
Armour         | 1 2 3 4 5 7 8 10 11 | 11.0
Fighting       | 4 5 6 7 8 9 |  9.4
Dodging        | 3 4 5 6 |  6.6
Axes           | 5 6 7 8 9 10 | 10.2
Invocations    | 2 6 8 10 | 10.1
Stealth        | |  1.5

Action                   |  1- 3 |  4- 6 |  7- 9 | 10-12 || total
-------------------------+-------+-------+-------+-------++-------
Melee: Hand axe          |   125 |   212 |   366 |   133 ||   836
       Battleaxe         |       |       |       |   274 ||   274
Throw: Boomerang         |       |       |       |    13 ||    13
Invok: Ancestor Life: He |       |     1 |       |       ||     1
       Ancestor Identity |       |     1 |       |     1 ||     2
       Recall Ancestor   |       |       |     1 |     2 ||     3
  Use: Scroll            |     4 |     1 |    10 |     2 ||    17
 Stab: Sleeping          |     3 |     6 |       |       ||     9
       Distracted        |       |     1 |     1 |     5 ||     7
       Confused          |       |       |     6 |     8 ||    14
  Eat: Chunk             |     3 |     7 |    16 |     8 ||    34
       Ration            |       |     1 |       |     4 ||     5
Armor: Robe              |    14 |       |       |       ||    14
       Leather armour    |    16 |    34 |       |       ||    50
       Scale mail        |       |    24 |    16 |       ||    40
       Plate armour      |       |       |   165 |   402 ||   567
Dodge: Dodged            |   100 |   132 |   117 |   254 ||   603

Vanquished Creatures
  Josephine (D:10)
  A two-headed ogre (D:7)
  A centaur skeleton (D:10)
  A troll (Orc:1)
  A hungry ghost (D:9)
  5 wraiths (D:10)
  2 wargs
  A soldier ant (D:10)
  5 ice beasts
  2 black bears
  A phantom (D:10)
  A necrophage (D:8)
  6 orc warriors
  3 sky beasts (D:8)
  7 ogres
  2 centaurs (D:8)
  A big kobold (D:9)
  4 bullfrogs
  A gnoll sergeant (D:10)
  A wyvern zombie (D:8)
  2 scorpions (D:9)
  10 killer bees
  6 wights
  A howler monkey (D:4)
  2 bullfrog zombies (D:5)
  6 hounds
  4 orc priests
  Crazy Yiuf (D:6)
  A bullfrog skeleton (D:6)
  3 orc wizards
  2 iguanas
  5 worker ants
  A killer bee zombie (D:5)
  2 hound skeletons
  A worker ant zombie (D:9)
  A howler monkey zombie (D:5)
  9 gnolls
  15 adders
  3 river rats (D:4)
  2 shadow imps
  2 oozes
  2 adder skeletons
  3 worms
  3 leopard geckos
  43 orcs
  11 bats
  11 giant cockroaches
  6 goblins
  8 hobgoblins
  4 jackals
  A quokka (D:3)
  12 ball pythons
  13 frilled lizards
  2 goblin skeletons (D:9)
  2 goblin zombies (D:9)
  2 hobgoblin zombies (D:9)
  16 kobolds
  A kobold skeleton (D:9)
  A leopard gecko skeleton (D:4)
  2 orc zombies (D:9)
  A quokka skeleton (D:9)
  13 rats
  A plant (D:9)
284 creatures vanquished.

Vanquished Creatures (collateral kills)
  Maurice (Orc:2)
  A warg (Orc:2)
  Menkaure (D:7)
  An orc warrior (Orc:1)
  A sky beast (D:8)
  An ogre (D:6)
  A centaur (D:9)
  A crocodile (D:8)
  2 big kobolds
  2 bullfrogs
  4 wights
  7 killer bees
  A crimson imp (D:10)
  A centaur skeleton (D:6)
  A quasit (D:9)
  An orc priest (D:9)
  A hound (D:7)
  2 iguanas
  4 orc wizards
  2 gnolls
  2 adders
  4 river rats (D:4)
  A worm (D:4)
  A leopard gecko (D:5)
  8 orcs
  A ball python (Sewer)
  2 jackals
  3 frilled lizards (Sewer)
  2 hobgoblin zombies (D:9)
  3 kobolds
  A kobold zombie (D:9)
64 creatures vanquished.

Vanquished Creatures (others)
  5 hexers
  2 orcs (Orc:1)
7 creatures vanquished.

Grand Total: 355 creatures vanquished
